BSA
SEATTLE PIKES @ SPRINGFIELD STARS
04/09/2028
 
TOP OF THE 1ST
Seattle Pikes batting - Pitching for Springfield Stars : RHP Dae-ho Kim
Pitching: RHP Dae-ho Kim
Batting: LHB Roberto Lozano 0-0: Called Strike
0-1: Foul Ball, location: 2F
0-2: Ball
1-2: Foul Ball, location: 2F
1-2: Strikes out swinging
Batting: RHB Bill Mark 0-0: Called Strike
0-1: Ball
1-1: Swinging Strike
1-2: Foul Ball, location: 2F
1-2: Foul Ball, location: 2F
1-2: Strikes out looking
Batting: RHB Wallace Greene 0-0: Called Strike
0-1: Called Strike
0-2: Ball
1-2: Strikes out looking
Top of the 1st over - 0 run(s), 0 hit(s), 0 error(s), 0 left on base; Seattle 0 - Springfield 0
BOTTOM OF THE 1ST
Springfield Stars batting - Pitching for Seattle Pikes : LHP David Hill
Pitching: LHP David Hill
Batting: RHB Calvin Bennett 0-0: Ball
1-0: Foul Ball, location: 2F
1-1: SINGLE (Flyball, 89S)
Batting: LHB Derek Davidson 0-0: Ball
1-0: Ball
2-0: Foul Ball, location: 2F
2-1: DOUBLE (Flyball, 8RXD)
Calvin Bennett to third
Batting: RHB Juan Rodríguez 0-0: Called Strike
0-1: Ball
1-1: Ground out 6-3 (Groundball, 6)
Calvin Bennett scores
Derek Davidson to third
Batting: LHB Felipe Guerrero 0-0: Called Strike
0-1: Called Strike
0-2: Strikes out swinging
Batting: LHB Elliott Newell 0-0: Called Strike
0-1: Ball
1-1: Ground out U3 (Groundball, 34)
Bottom of the 1st over - 1 run(s), 2 hit(s), 0 error(s), 1 left on base; Seattle 0 - Springfield 1
TOP OF THE 2ND
Seattle Pikes batting - Pitching for Springfield Stars : RHP Dae-ho Kim
Batting: RHB Manuel Rico 0-0: Called Strike
0-1: Called Strike
0-2: Ground out 6-3 (Groundball, 6)
Batting: RHB Iván Gonzáles 0-0: Ball
1-0: Swinging Strike
1-1: Foul Ball, location: 2F
1-2: Strikes out swinging
Batting: RHB Pete Rideout 0-0: Ball
1-0: Swinging Strike
1-1: Ball
2-1: Fly out, F9 (Flyball, 89M)
Top of the 2nd over - 0 run(s), 0 hit(s), 0 error(s), 0 left on base; Seattle 0 - Springfield 1
BOTTOM OF THE 2ND
Springfield Stars batting - Pitching for Seattle Pikes : LHP David Hill
Batting: SHB Shane Hutchinson 0-0: Ball
1-0: Called Strike
1-1: Ball
2-1: Foul Ball, location: 2F
2-2: Foul Ball, location: 2F
2-2: Ball
3-2: Fly out, F8 (Flyball, 78M)
Batting: RHB Desi Thompson 0-0: Ball
1-0: Called Strike
1-1: Ball
2-1: Ground out 5-3 (Groundball, 56)
Batting: LHB Jesús Tobías 0-0: Called Strike
0-1: Foul Ball, location: 2F
0-2: Ground out U3 (Groundball, 34)
Bottom of the 2nd over - 0 run(s), 0 hit(s), 0 error(s), 0 left on base; Seattle 0 - Springfield 1
TOP OF THE 3RD
Seattle Pikes batting - Pitching for Springfield Stars : RHP Dae-ho Kim
Batting: SHB António Hernández 0-0: Ball
1-0: Called Strike
1-1: Ball
2-1: Swinging Strike
2-2: Strikes out swinging
Batting: LHB Brandon Cummings 0-0: Fly out, F9 (Line Drive, 9D)
Batting: RHB Henning Huisman 0-0: Ball
1-0: Ball
2-0: Called Strike
2-1: Ball
3-1: Ground out 6-3 (Groundball, 6)
Top of the 3rd over - 0 run(s), 0 hit(s), 0 error(s), 0 left on base; Seattle 0 - Springfield 1
BOTTOM OF THE 3RD
Springfield Stars batting - Pitching for Seattle Pikes : LHP David Hill
Batting: RHB Will Sterling 0-0: Ball
1-0: Called Strike
1-1: SINGLE (Line Drive, 6MD)
Batting: RHB Calvin Bennett 0-0: Ball
1-0: Ball
2-0: Foul Ball, location: 2F
2-1: Ball
3-1: SINGLE (Groundball, 56S) (infield hit)
Will Sterling to second
Batting: LHB Derek Davidson 0-0: Ball
1-0: Fly out, F8 (Flyball, 8LS)
Lined into DP, 8-4 (Flyball, 8LS)
Batting: RHB Juan Rodríguez 0-0: Ball
1-0: Called Strike
1-1: Ball
2-1: Foul Ball, location: 2F
2-2: Strikes out looking
Bottom of the 3rd over - 0 run(s), 2 hit(s), 0 error(s), 1 left on base; Seattle 0 - Springfield 1
TOP OF THE 4TH
Seattle Pikes batting - Pitching for Springfield Stars : RHP Dae-ho Kim
Batting: LHB Roberto Lozano 0-0: Foul Ball, location: 2F
0-1: Ball
1-1: Swinging Strike
1-2: Foul Ball, location: 2F
1-2: Strikes out swinging
Batting: RHB Bill Mark 0-0: Foul Ball, location: 2F
0-1: Swinging Strike
0-2: Ball
1-2: Strikes out swinging
Batting: RHB Wallace Greene 0-0: Called Strike
0-1: Swinging Strike
0-2: Ball
1-2: Foul Ball, location: 2F
1-2: Foul Ball, location: 2F
1-2: Ball
2-2: Strikes out swinging
Top of the 4th over - 0 run(s), 0 hit(s), 0 error(s), 0 left on base; Seattle 0 - Springfield 1
BOTTOM OF THE 4TH
Springfield Stars batting - Pitching for Seattle Pikes : LHP David Hill
Batting: LHB Felipe Guerrero 0-0: Foul Ball, location: 2F
0-1: Swinging Strike
0-2: Strikes out swinging
Batting: LHB Elliott Newell 0-0: Called Strike
0-1: Ball
1-1: Swinging Strike
1-2: Ball
2-2: Strikes out looking
Batting: SHB Shane Hutchinson 0-0: Called Strike
0-1: Foul Ball, location: 2F
0-2: Ground out 6-3 (Groundball, 56)
Bottom of the 4th over - 0 run(s), 0 hit(s), 0 error(s), 0 left on base; Seattle 0 - Springfield 1
TOP OF THE 5TH
Seattle Pikes batting - Pitching for Springfield Stars : RHP Dae-ho Kim
Batting: RHB Manuel Rico 0-0: Called Strike
0-1: Fly out, F8 (Flyball, 8LS)
Batting: RHB Iván Gonzáles 0-0: Called Strike
0-1: Ball
1-1: Foul Ball, location: 2F
1-2: Ball
2-2: Strikes out swinging
Batting: RHB Pete Rideout 0-0: Ball
1-0: Called Strike
1-1: Foul Ball, location: 2F
1-2: Strikes out swinging
Top of the 5th over - 0 run(s), 0 hit(s), 0 error(s), 0 left on base; Seattle 0 - Springfield 1
BOTTOM OF THE 5TH
Springfield Stars batting - Pitching for Seattle Pikes : LHP David Hill
Batting: RHB Desi Thompson 0-0: Ball
1-0: Swinging Strike
1-1: Foul Ball, location: 2F
1-2: Ball
2-2: Strikes out looking
Batting: LHB Jesús Tobías 0-0: Called Strike
0-1: Ball
1-1: Ball
2-1: Fly out, F6 (Line Drive, 6)
Batting: RHB Will Sterling 0-0: Ball
1-0: Ball
2-0: Swinging Strike
2-1: Foul Ball, location: 2F
2-2: Strikes out swinging
Bottom of the 5th over - 0 run(s), 0 hit(s), 0 error(s), 0 left on base; Seattle 0 - Springfield 1
TOP OF THE 6TH
Seattle Pikes batting - Pitching for Springfield Stars : RHP Dae-ho Kim
Batting: SHB António Hernández 0-0: Called Strike
0-1: Called Strike
0-2: Strikes out looking
Batting: LHB Brandon Cummings 0-0: Called Strike
0-1: Ball
1-1: Swinging Strike
1-2: Strikes out swinging
Batting: RHB Henning Huisman 0-0: DOUBLE (Line Drive, 7LM)
Batting: LHB Roberto Lozano 0-0: Called Strike
0-1: Ball
Balk!
Henning Huisman to third
1-1: Foul Ball, location: 2F
1-2: Ball
2-2: SINGLE (Groundball, 56D)
Henning Huisman scores
Batting: RHB Bill Mark 0-0: Called Strike
Roberto Lozano is caught stealing 2nd base
Top of the 6th over - 1 run(s), 2 hit(s), 0 error(s), 0 left on base; Seattle 1 - Springfield 1
BOTTOM OF THE 6TH
Springfield Stars batting - Pitching for Seattle Pikes : LHP David Hill
Batting: RHB Calvin Bennett 0-0: Foul Ball, location: 2F
0-1: Ground out 5-3 (Groundball, 56S)
Batting: LHB Derek Davidson 0-0: Foul Ball, location: 2F
0-1: Ball
1-1: Ball
2-1: Swinging Strike
2-2: Strikes out swinging
Batting: RHB Juan Rodríguez 0-0: Fly out, F9 (Flyball, 9D)
Bottom of the 6th over - 0 run(s), 0 hit(s), 0 error(s), 0 left on base; Seattle 1 - Springfield 1
TOP OF THE 7TH
Seattle Pikes batting - Pitching for Springfield Stars : RHP Dae-ho Kim
Pinch Hitting: LHB Eduardo Gómez 0-0: Foul Ball, location: 2F
0-1: Foul Ball, location: 2F
0-2: Ground out 4-3 (Groundball, 4S)
Batting: RHB Wallace Greene 0-0: Ball
1-0: Called Strike
1-1: SINGLE (Groundball, 56D)
Batting: RHB Manuel Rico 0-0: Called Strike
0-1: Ball
1-1: Ball
2-1: Grounds into double play, 5-4-3 (Groundball, 5)
Top of the 7th over - 0 run(s), 1 hit(s), 0 error(s), 0 left on base; Seattle 1 - Springfield 1
BOTTOM OF THE 7TH
Springfield Stars batting - Pitching for Seattle Pikes : LHP David Hill
Now at SS: Roberto Zamora
Batting: LHB Felipe Guerrero 0-0: Swinging Strike
0-1: Ball
1-1: Fly out, F8 (Flyball, 8RS)
Batting: LHB Elliott Newell 0-0: Foul Ball, location: 2F
0-1: Ball
1-1: SINGLE (Line Drive, 56D)
Batting: SHB Shane Hutchinson 0-0: Foul Ball, location: 2F
0-1: Ball
1-1: Ball
2-1: Ground out 5-3 (Groundball, 5)
Elliott Newell to second
Batting: RHB Desi Thompson 0-0: DOUBLE (Line Drive, 8RXD)
Elliott Newell scores
Batting: LHB Jesús Tobías 0-0: Ball
1-0: Ground out 4-3 (Groundball, 4)
Bottom of the 7th over - 1 run(s), 2 hit(s), 0 error(s), 1 left on base; Seattle 1 - Springfield 2
TOP OF THE 8TH
Seattle Pikes batting - Pitching for Springfield Stars : RHP Dae-ho Kim
Batting: RHB Iván Gonzáles 0-0: SINGLE (Groundball, 6MD)
Pinch Runner at 1st Arnold Harmon:
Batting: RHB Pete Rideout 0-0: Bunted foul
0-1: Ball
Arnold Harmon is caught stealing 2nd base
1-1: Ground out 5-3 (Groundball, 25)
Batting: SHB António Hernández 0-0: Ball
1-0: Ball
2-0: Ball
3-0: Base on Balls
Batting: LHB Brandon Cummings 0-0: Ball
1-0: Foul Ball, location: 2F
1-1: Called Strike
1-2: Ball
2-2: Ball
3-2: Foul Ball, location: 2F
3-2: Strikes out looking
Top of the 8th over - 0 run(s), 1 hit(s), 0 error(s), 1 left on base; Seattle 1 - Springfield 2
BOTTOM OF THE 8TH
Springfield Stars batting - Pitching for Seattle Pikes : LHP David Hill
Now at 3B: Arnold Harmon
Batting: RHB Will Sterling 0-0: Foul Ball, location: 2F
0-1: Ground out 6-3 (Groundball, 6)
Batting: RHB Calvin Bennett 0-0: Ball
1-0: Called Strike
1-1: Foul Ball, location: 2F
1-2: Ground out 5-3 (Groundball, 56)
Batting: LHB Derek Davidson 0-0: Ball
1-0: Ball
2-0: Foul Ball, location: 2F
2-1: SINGLE (Groundball, 56) (infield hit)
Batting: RHB Juan Rodríguez 0-0: Ball
1-0: Foul Ball, location: 2F
1-1: Ball
2-1: Fly out, F6 (Popup, 56D)
Bottom of the 8th over - 0 run(s), 1 hit(s), 0 error(s), 1 left on base; Seattle 1 - Springfield 2
TOP OF THE 9TH
Seattle Pikes batting - Pitching for Springfield Stars : RHP Dae-ho Kim
Pitching: RHP Jorge Delgado
Batting: RHB Henning Huisman 0-0: Ball
1-0: Ball
2-0: Called Strike
2-1: Foul Ball, location: 2F
2-2: Ball
3-2: Foul Ball, location: 2F
3-2: Strikes out swinging
Batting: LHB Roberto Lozano 0-0: Ground out 4-3 (Groundball, 4M)
Batting: RHB Roberto Zamora 0-0: Ball
1-0: Called Strike
1-1: Ball
2-1: Ground out 6-3 (Groundball, 6)
Top of the 9th over - 0 run(s), 0 hit(s), 0 error(s), 0 left on base; Seattle 1 - Springfield 2
Tuesday, August 8th, 2017 - OOTP Baseball 17.12 Build 75